 Dungeon Crawl Stone Soup version 0.18.1-8-gdd0e5ea (webtiles) character file.

293 Gargoyl the Covered (level 6, -2/43 HPs)
             Began as a Demonspawn Abyssal Knight on June 11, 2016.
             Was a Believer of Lugonu.
             Killed by triggering a spear trap (22 damage)
             ... in an ossuary.
             The game lasted 00:06:26 (3262 turns).

Gargoyl the Covered (Demonspawn Abyssal Knight)     Turns: 3262, Time: 00:06:26

Health: -2/43      AC: 15    Str: 17      XL:     6   Next: 11%
Magic:  7/7        EV:  9    Int: 14      God:    Lugonu [**....]
Gold:   157        SH:  3    Dex:  9 (10) Spells: 0 memorised, 5 levels left

rFire  . . .     SeeInvis .     a - +1 hand axe
rCold  . . .     Gourm    .     d - +0 scale mail
rNeg   . . .     Faith    .     r - +0 buckler
rPois  .         Spirit   .     q - +0 helmet
rElec  .         Dismiss  .     (no cloak)
rCorr  .         Reflect  .     (no gloves)
SustAt .         Harm     .     (no boots)
MR     .....     Rnd*Tele +     (no amulet)
Stlth  ..........               (no ring)
                                (no ring)

@: mighty, not resistant to hostile enchantments, extremely unstealthy
A: hooves 2, rough black scales 2, blink, frail 1, low mp 1, screaming 1,
teleportitis 1, weak 1
a: Blink, Depart the Abyss, Bend Space, Renounce Religion


You were in an ossuary.
You worshipped Lugonu.
Lugonu was pleased with you.
You were very hungry.

You visited 1 branch of the dungeon, and saw 4 of its levels.
You visited the Abyss 1 time.
You also visited: Ossuary.

You collected 157 gold pieces.

Inventory:

Hand Weapons
 a - a +1 hand axe (weapon)
Armour
 d - a +0 scale mail (worn)
 q - a +0 helmet (worn)
 r - a +0 buckler (worn)
Scrolls
 b - a scroll of recharging {unknown}
 e - 4 scrolls of teleportation {unknown}
 f - 3 scrolls of remove curse
 h - 4 scrolls of identify {unknown}
 i - 2 scrolls of enchant weapon {unknown}
 m - a scroll of immolation {unknown}
 n - a scroll of random uselessness {unknown}
 o - a scroll of noise {unknown}
 u - a scroll of blinking {unknown}
 w - a scroll of enchant armour {unknown}
Potions
 k - 3 potions of curing
 s - 2 potions of resistance
Comestibles
 c - 5 bread rations
 j - 9 fruits
 l - 3 meat rations
 p - 2 beef jerkies


   Skills:
 + Level 4.0 Fighting
 + Level 2.8 Axes
 * Level 4.1 Armour
 + Level 2.2 Dodging
 + Level 0.5 Shields
 + Level 2.4 Invocations


You had 5 spell levels left.
You didn't know any spells.

Dungeon Overview and Level Annotations

Branches:
Dungeon (4/15)             Temple (0/1) D:4

Altars:
Sif Muna


Innate Abilities, Weirdness & Mutations

You have hoof-like feet.
You are mostly covered in rough black scales (AC +7, Dex -2).
You can translocate small distances at will.
You are frail (-10% HP).
Your magical capacity is low (-10% MP).
You occasionally shout uncontrollably at your foes.
You are occasionally teleported next to monsters.
You are weak. (Str -2)


Message History

The mummy is almost destroyed.
You hit the mummy.
You destroy the mummy!
Lugonu accepts your kill.
There is an open door here.
i - 2 scrolls labeled XIAGAT PAZOPS (gained 1) Drink which item? (? for menu, Esc to quit)
It was a potion of might.
You feel very mighty all of a sudden.
There is an open door here.
You found an arrow trap!
You open the door. You open the door.
There is an open door here.
b - a scroll labeled IHITSU PAHU
There is an open door here.
You open the door. A spear shoots out and hits you!
Ouch! That really hurt!
You die...

###############
#...............
#..............
#..####..###..#
#..#.'...# ..#
#..####..#+#..#+#
#...^...^#.#..#.#..
#..................
#..####@......### ..
#..#.'....8...# ..8
#..####.......#+#....
#.............#.#....
#....................
#..####..####.....###
#..#.'...# +...8...+
#..####..####.....###
#....................


There were no monsters in sight!

Vanquished Creatures
  2 human zombies (D:4)
  A hound (D:4)
  An orc priest (D:3)
  2 orc wizards (D:4)
  A mummy (Ossuary)
  2 adders (D:3)
  3 worms
  5 dart slugs
  3 giant geckos
  5 orcs
  2 ball pythons (D:1)
  6 bats
  3 giant cockroaches
  6 goblins
  5 hobgoblins
  4 jackals
  5 giant newts
  A goblin zombie (Ossuary)
  5 hobgoblin zombies (Ossuary)
  4 kobolds
  2 kobold zombies (Ossuary)
  3 rats
71 creatures vanquished.

Notes
Turn   | Place    | Note
--------------------------------------------------------------
     0 | Abyss:1  | Gargoyl the Demonspawn Abyssal Knight began the quest for the Orb.
     0 | Abyss:1  | Reached XP level 1. HP: 18/18 MP: 2/2
    90 | Abyss:1  | Noticed a smoke demon
    90 | D:1      | Escaped the Abyss
   128 | D:1      | Reached skill level 1 in Dodging
   422 | D:1      | Gained mutation: You have large cloven feet. [demonic ancestry]
   422 | D:1      | Reached XP level 2. HP: 24/24 MP: 3/3
   610 | D:1      | Reached * piety under Lugonu
   734 | D:1      | Reached XP level 3. HP: 28/29 MP: 4/4
   944 | D:2      | Found a deep blue altar of Sif Muna.
  1628 | D:3      | Gained mutation: Your magical capacity is low (-10% MP). [potion of mutation]
  1628 | D:3      | Gained mutation: You are frail (-10% HP). [potion of mutation]
  1628 | D:3      | Gained mutation: You can translocate small distances at will. [potion of mutation]
  1638 | D:3      | Gained mutation: You have hoof-like feet. [demonic ancestry]
  1638 | D:3      | Reached XP level 4. HP: 22/31 MP: 5/5
  1653 | D:3      | Gained mutation: You are occasionally teleported next to monsters. [potion of mutation]
  1653 | D:3      | Gained mutation: You occasionally shout uncontrollably at your foes. [potion of mutation]
  1653 | D:3      | Gained mutation: You are weak. (Str -2) [potion of mutation]
  2337 | D:3      | Reached ** piety under Lugonu
  2584 | D:4      | Gained mutation: You are partially covered in rough black scales (AC +4, Dex -1). [demonic ancestry]
  2584 | D:4      | Reached XP level 5. HP: 30/37 MP: 6/6
  2896 | D:4      | Found a sand-covered staircase.
  2915 | D:4      | Gained mutation: You are mostly covered in rough black scales (AC +7, Dex -2). [demonic ancestry]
  2915 | D:4      | Reached XP level 6. HP: 22/43 MP: 7/7
  2919 | Ossuary  | Entered an ossuary
  2919 | Ossuary  | Noticed a wraith
  2919 | Ossuary  | Noticed a wraith
  2919 | Ossuary  | Noticed a wraith
  3262 | Ossuary  | Killed by triggering a spear trap

Skill      XL: |  1  2  3  4  5 |
---------------+----------------+-----
Dodging        | 1 2 |  2.2
Armour         | 2 3 4 |  4.1
Axes           | 2 |  2.8
Fighting       | 4 |  4.0
Shields        | |  0.5
Invocations    | |  2.4

Action                   |  1- 3 |  4- 6 || total
-------------------------+-------+-------++-------
Melee: Hand axe          |   145 |   163 ||   308
       Kick              |    23 |    31 ||    54
Invok: Depart the Abyss  |     1 |       ||     1
  Use: Potion            |     5 |     4 ||     9
       Scroll            |     2 |     2 ||     4
  Eat: Chunk             |     2 |     5 ||     7
Armor: Scale mail        |    93 |    94 ||   187
Dodge: Dodged            |    98 |    67 ||   165
Block: Buckler           |       |    19 ||    19
